 Dungeon Crawl Stone Soup version 0.27.1-4-g1640c2035a (webtiles) character file.

Game seed: 18063174288507817152

11 AarnesTheHuman the Covered (level 2, 25/25 HPs)
             Began as a Barachi Fighter on Nov 1, 2021.
             Was a Follower of Makhleb.
             Got out of the dungeon alive.
             The game lasted 00:00:46 (268 turns).

AarnesTheHuman the Covered (Barachi Fighter)         Turns: 268, Time: 00:00:47

Health: 25/25      AC:  7    Str: 17    XL:     2   Next: 29%
Magic:  2/2        EV:  7    Int:  8    God:    Makhleb [*.....]
Gold:   0          SH:  9    Dex: 11    Spells: 1/1 levels left

rFire    . . .     SeeInvis .   a - +0 long sword
rCold    . . .     Faith    .   c - +0 kite shield
rNeg     . . .     Spirit   .   b - +0 scale mail
rPois    .         Reflect  .   (no helmet)
rElec    .         Harm     .   (no cloak)
rCorr    .         Rampage  .   (no gloves)
Will     .....                  (no boots)
Stlth    ..........             (no amulet)
HPRegen  0.08/turn              (no ring)
MPRegen  0.08/turn              (no ring)

@: slow
A: amphibious, slowness 1, strong legs 1, +LOS
a: Hop, Renounce Religion


You escaped.
You worshipped Makhleb.
Makhleb was aware of your devotion.
You visited 1 branch of the dungeon, and saw 1 of its levels.

Inventory:

Hand Weapons
 a - a +0 long sword (weapon)
 g - a +1 vampiric dagger
Armour
 b - a +0 scale mail (worn)
 c - a +0 kite shield (worn)
Jewellery
 e - a ring of magical power
Scrolls
 h - a scroll of teleportation {unknown}
Potions
 d - a potion of might
 f - 2 potions of lignification {unknown}


   Skills:
 + Level 3.8 Fighting
 + Level 2.7 Long Blades
 + Level 3.8 Armour
 + Level 3.5 Shields


You had one spell level left.
You didn't know any spells.
Your spell library contained the following spells:

 Spells                   Type           Power      Damage    Failure   Level
 Ozocubu's Armour         Ice            0%         N/A       100%        3
 Ozocubu's Refrigeration  Ice            0%         4d5       100%        7


Dungeon Overview and Level Annotations

Branches:
Dungeon (1/15)

Altars:
Makhleb


Innate Abilities, Weirdness & Mutations

You are amphibious.
You cover ground slowly.
You can hop short distances.
You have an extended range of vision and can be seen from far away.


Message History

Found a runed dagger.
Found 21 stones.
You see here a +1 vampiric dagger.
g - a +1 vampiric dagger
Found a stone staircase leading down.
Found a scroll labelled YNY ENOCREEDA.
There is a stone staircase leading down here.
h - a scroll labelled YNY ENOCREEDA A dart slug comes into view.
A dart slug is nearby!
You hit the dart slug.
The dart slug is severely wounded.
You block the dart slug's attack.
You barely miss the dart slug.
The dart slug is severely wounded.
The dart slug splashes around in the water.
You hit the dart slug.
You kill the dart slug!
No target in view!
You see here a dart slug corpse.
Found a faded altar of an unknown god.
There is a dry fountain here.
You see here a dart slug corpse.
You see here 21 stones.
Found a scroll labelled GASIAT ZEFACEG.
You see here a dart slug corpse.
There is a dry fountain here.
There is a faded altar of an unknown god here.
You cannot tell which god this altar belongs to.
Convert to them anyway?
Makhleb accepts your prayer! Makhleb welcomes you!
You can now gain health from killing.
There is a dry fountain here.
There is a stone staircase leading down here.
You see here a ball python corpse.
You see here a rat skeleton.
There is an open door here.
There is a staircase leading out of the dungeon here.
Are you sure you want to leave the Dungeon?
This will make you lose the game!
You have escaped!

#...# #...#
#...# #...#
###.#
###########.#
#.........#.#
#...###...#.#
#.@.#.#...'.#
#...###...###
#.........#
###########


There were no monsters in sight!

Vanquished Creatures
  2 dart slugs (D:1)
  2 bats (D:1)
  2 quokkas (D:1)
  A ball python (D:1)
  A rat (D:1)
8 creatures vanquished.

Notes
Turn   | Place    | Note
-------+----------+-------------------------------------------
     0 | D:1      | AarnesTheHuman the Barachi Fighter began the quest for the
                  | Orb.
     0 | D:1      | Reached XP level 1. HP: 18/18 MP: 1/1
    84 | D:1      | Reached XP level 2. HP: 23/25 MP: 2/2
   169 | D:1      | Found a faded altar of an unknown god.
   204 | D:1      | Became a worshipper of Makhleb the Destroyer
   204 | D:1      | Reached * piety under Makhleb
   268 | D:$      | Got out of the dungeon alive.

Illustrated notes

Levels and vault maps discovered:
D:1:      nicolae_arrival_memento_mori, layout_basic,
          shapermc_ecumenical_altar_acropolis, serial_shops, shop

Action                   || total
-------------------------++-------
Melee: Long sword        ||    20
Armor: Scale mail        ||     4
Dodge: Dodged            ||     7
Block: Kite shield       ||     9
       Rpst.: Long sword ||     1
